 Dungeon Crawl Stone Soup version 0.30.2 (webtiles) character file.

Game seed: 7736364149672790617

70 porpoise the Magician (level 4, -4/31 HPs)
             Began as a Djinni Ice Elementalist on Feb 2, 2024.
             Killed from afar by an orc wizard (6 damage)
             ... with a magic dart
             ... on level 3 of the Dungeon.
             The game lasted 00:13:41 (3189 turns).

porpoise the Magician (Djinni Ice Elementalist)     Turns: 3189, Time: 00:13:42

Health: -4/31      AC:  4    Str:  7    XL:     4   Next: 45%
Gold:   155        EV: 13    Int: 18    God:
                   SH:  0    Dex: 14

rFire   + + .        a - +0 quarterstaff
rCold   x . .        (shield currently unavailable)
rNeg    . . .        h - +0 robe
rPois   ∞            m - +1 helmet
rElec   .            (no cloak)
rCorr   .            (no gloves)
SInv    .            (boots unavailable)
Will    .....        (no amulet)
Stlth   ++           (no ring)
HPRegen 0.25/turn    (no ring)
MPRegen 0.00/turn

%: infuse magic (-5 HP)
@: flying
A: sickness immunity, fire resistance 2, cold vulnerability 1, float, innate
caster, HP casting, extra vitality 1
a: no special abilities


You were on level 3 of the Dungeon.
You visited 1 branch of the dungeon, and saw 3 of its levels.

You collected 155 gold pieces.

Inventory:

Hand Weapons
 a - a +0 quarterstaff (weapon)
Missiles
 c - 15 stones
 g - 8 poisoned darts (quivered)
 j - 5 boomerangs
Armour
 h - a +0 robe (worn)
 m - a +1 helmet (worn)
 r - a +0 pair of boots
Magical Staves
 l - a staff of conjuration
Scrolls
 b - 3 scrolls of identify {unknown}
 d - a scroll of fog {unknown}
 e - 4 scrolls of teleportation {unknown}
 f - a scroll of amnesia {unknown}
 i - a scroll of brand weapon {unknown}
 n - a scroll of vulnerability {unknown}
 o - a scroll of poison {unknown}
 q - a scroll of noise {unknown}
Potions
 k - a potion of attraction {unknown}
 p - a potion of heal wounds {unknown}


   Skills:
 * Level 3.3 Dodging
 + Level 2.5 Stealth
 + Level 3.7 Spellcasting


You knew the following spells:

 Your Spells              Type           Power      Damage    Failure   Level
a - Freeze                Ice            64%        1d7       3%          1
b - Frozen Ramparts       Ice            32%        1d5       10%         3
c - Ozocubu's Armour      Ice            16%        N/A       10%         3
d - Summon Ice Beast      Ice/Summ       16%        N/A       32%         4
e - Beastly Appendage     Tmut           32%        N/A       3%          1
Your spell library was empty.

Dungeon Overview and Level Annotations

Branches:
Dungeon (3/15)

Altars:
Uskayaw


Innate Abilities, Weirdness & Mutations

You are immune to sickness and miasma.
You are immune to poison.
Your flesh is very heat resistant. (rF++)
You are vulnerable to cold. (rC-)
You float through the air rather than walking.
You learn spells naturally, not from books.
Your magical power is your life essence.
You have superior vitality. (+4 MHP)


Message History

* * * LOW HITPOINT WARNING * * *
The orc hits you but does no damage. The orc barely misses you.
You barely miss the orc wizard.
The orc wizard is severely wounded.
The orc wizard hits you with a +0 dagger.
* * * LOW HITPOINT WARNING * * *
The orc hits you with a +0 dagger.
* * * LOW HITPOINT WARNING * * *
The orc hits you but does no damage. The orc closely misses you. x2
The orc wizard barely misses you. The orc attacks as you move away!
The orc closely misses you.
The orc wizard hits you with a +0 dagger.
* * * LOW HITPOINT WARNING * * *
The orc wizard attacks as you move away!
The orc wizard closely misses you.
The orc wizard points at you and mumbles some strange words.
The puff of flame misses you.
The orc wizard hits you with a +0 dagger.
* * * LOW HITPOINT WARNING * * *
You hit the orc wizard.
The orc wizard is severely wounded.
The orc wizard gestures at you while chanting.
You resist with some effort.
You closely miss the orc wizard.
The orc wizard is severely wounded.
The orc wizard hits you with a +0 dagger.
* * * LOW HITPOINT WARNING * * *
The orc barely misses you. The orc misses you.
You hit the orc.
The orc is almost dead.
The orc wizard hits you but does no damage.
The orc hits you with a +0 dagger.
* * * LOW HITPOINT WARNING * * *
The orc closely misses you. x2; The orc hits you but does no damage.
The orc wizard completely misses you.
You barely miss the orc wizard.
The orc wizard is severely wounded.
The orc wizard casts a spell at you. The magic dart hits you.
You die...

... .......# ###.##
#......#
#.....##......#
.......#......#
.......#......#
..._...)......###
......o#g.......#
.......#oo......# .
#.....##@o......# ..
###.####..###...##...
....................
...#.########...##...
## #...# ## #...# #.#
#...# #.# #...#
###.##
####...####.....


You could see an orc wizard, 2 orcs and a goblin.

Vanquished Creatures
  2 adders (D:2)
  An orc (D:3)
  5 ball pythons
  6 bats
  5 endoplasms
  2 giant cockroaches
  5 goblins
  3 hobgoblins
  5 jackals
  3 quokkas
  2 frilled lizards
  A kobold (D:1)
  4 rats
44 creatures vanquished.

Notes
Turn   | Place    | Note
-------+----------+-------------------------------------------
     0 | D:1      | porpoise the Djinni Ice Elementalist began the quest for
                  | the Orb.
     0 | D:1      | porpoise set off with the following spells memorised:
                  | Freeze, Frozen Ramparts, Ozocubu's Armour, Summon Ice
                  | Beast.
     0 | D:1      | Reached XP level 1. HP: 15/15 MP: 0/0
   125 | D:1      | Reached XP level 2. HP: 15/21 MP: 0/0
   411 | D:1      | Reached XP level 3. HP: 16/25 MP: 0/0
   411 | D:1      | Learned a level 1 spell: Beastly Appendage
  2129 | D:2      | Reached XP level 4. HP: 28/31 MP: 0/0
  3162 | D:3      | Found a hide-covered altar of Uskayaw.
  3188 | D:3      | HP: 1/31 [orc/+0 dagger (2)]
  3189 | D:3      | Killed from afar by an orc wizard

Illustrated notes

Levels and vault maps discovered:
D:1:      mainiacjoe_arrival_reflecting_pool, layout_basic,
          amcnicky_mini_pool_small
D:2:      layout_loops_ring
D:3:      layout_basic, old_standard_altar, serial_shops,
          nicolae_shop_pleasant_corner_grove, minivault_27

Skill      XL: |  1  2  3 |
---------------+----------+-----
Stealth        | 2 |  2.5
Dodging        | 3 |  3.3
Spellcasting   | |  3.7

Action                     |  1- 3 |  4- 6 || total
---------------------------+-------+-------++-------
  Melee: Quarterstaff      |   107 |    52 ||   159
   Cast: Beastly Appendage |       |     1 ||     1
   Stab: Sleeping          |     3 |     1 ||     4
 Armour: Robe              |    39 |    18 ||    57
  Dodge: Dodged            |    71 |    55 ||   126
